 Dungeon Crawl Stone Soup version 0.31-a0-233-g139696dc86 (webtiles) character file.

Game seed: 5761571765724680529

1249 Decritt the Firebug (level 8, -1/48 HPs)
             Began as a Deep Elf Fire Elementalist on July 8, 2023.
             Was an Initiate of Gozag.
             Slain by a yak (9 damage)
             ... on level 7 of the Dungeon.
             The game lasted 00:18:06 (7732 turns).

Decritt the Firebug (Deep Elf Fire Elementalist)    Turns: 7732, Time: 00:18:07

Health: -1/48      AC:  7    Str: 11    XL:     8   Next: 26%
Magic:  4/27       EV: 13    Int: 23    God:    Gozag
Gold:   509        SH:  0    Dex: 15    Spells: 9/18 levels left

rFire   . . .        f - +0 short sword (drain)
rCold   . . .        (no shield)
rNeg    . . .        m - +0 leather armour
rPois   .            (no helmet)
rElec   .            (no cloak)
rCorr   .            r - +0 pair of gloves
SInv    .            l - +2 pair of boots
Will    .....        (no amulet)
Stlth   ++           i - ring of magical power
HPRegen 0.28/turn    k - +6 ring of strength
MPRegen 0.20/turn

%: no passive effects
@: no status effects
A: no striking features
a: Renounce Religion, Potion Petition, Call Merchant, Bribe Branch


You were on level 7 of the Dungeon.
You worshipped Gozag.
Gozag was pleased with you.
You visited 2 branches of the dungeon, and saw 9 of its levels.

You collected 644 gold pieces.
You paid 135 gold pieces to Gozag.

Inventory:

Hand Weapons
 f - a +0 short sword of draining (weapon)
Missiles
 g - 6 poisoned darts (quivered)
Armour
 a - a +0 robe
 l - a +2 pair of boots (worn)
 m - a +0 leather armour (worn)
 r - a +0 pair of gloves (worn)
Jewellery
 i - a ring of magical power (left hand)
 k - a +6 ring of strength (right hand)
Wands
 c - a wand of acid (4)
 j - a wand of flame (17)
 q - a wand of polymorph (14)
Scrolls
 o - a scroll of teleportation
Potions
 b - a potion of magic
 d - 3 potions of curing
 e - a potion of mutation
 h - a potion of invisibility {unknown}
 n - a potion of degeneration {unknown}
 p - a potion of brilliance


   Skills:
 * Level 4.2 Fighting
 + Level 5.2 Dodging
 - Level 2.4 Stealth
 + Level 5.8 Spellcasting
 - Level 2.1 Conjurations
 - Level 3.0 Hexes
 + Level 1.2 Translocations
 * Level 6.7 Fire Magic


You had 9 spell levels left.
You knew the following spells:

 Your Spells              Type           Power      Damage    Failure   Level
a - Foxfire               Conj/Fire      100%       2x1d9     1%          1
b - Scorch                Fire           74%        2d8       1%          2
c - Inner Flame           Hex/Fire       29%        N/A       4%          3
d - Volatile Blastmotes   Fire/Tloc      50%        2d14      7%          3

Your spell library contained the following spells:

 Spells                   Type           Power      Damage    Failure   Level
 Apportation              Tloc           24%        N/A       7%          1
 Ignite Poison            Fire/Tmut/Pois 17%        N/A       14%         3
 Cigotuvi's Dreadful Rot  Necr/Pois/Air  12%        N/A       17%         2
 Flame Wave               Conj/Fire      27%        2d9       19%         4
 Sticky Flame             Conj/Fire      27%        2d5       19%         4
 Freezing Cloud           Conj/Ice/Air   5%         6-21      93%         5
 Alistair's Intoxication  Tmut/Pois      4%         N/A       97%         5
 Ignition                 Fire           18%        3d7       100%        8


Dungeon Overview and Level Annotations

Branches:
Dungeon (8/15)             Temple (1/1) D:5
   Lair: D:8-11

Altars:
Ashenzari
Cheibriados
Dithmenos
Elyvilon
Fedhas
Gozag
Hepliaklqana
Kikubaaqudgha
Makhleb
Nemelex Xobeh
Okawaru
Qazlal
Ru
Sif Muna
Trog
Uskayaw
Vehumet
Wu Jian
Xom
Yredelemnul
Zin


Message History

Flames lash the iguana but do no damage.
The iguana bites you.
The iguana is no longer more vulnerable to fire.
The iguana bites you.
* * * LOW HITPOINT WARNING * * *
The cloud of blastmotes explodes!
The concussive blast engulfs the yak!
The yak is moderately wounded.
You hear a bellow!
Casting: Scorch (safe; 1% risk of failure)
Confirm with . or Enter, or press ? or * to list all spells.
Flames lash the iguana.
You kill the iguana!
Casting: Scorch (safe; 1% risk of failure)
Confirm with . or Enter, or press ? or * to list all spells.
Flames lash the yak.
The yak is heavily wounded.
The yak's fire resistance burns away.
The yak gores you.
* * * LOW HITPOINT WARNING * * *
The yak closely misses you.
Casting: Scorch (safe; 1% risk of failure)
Confirm with . or Enter, or press ? or * to list all spells.
Flames lash the yak.
The yak is burned terribly!
The yak is severely wounded.
The yak closely misses you. The yak closely misses you.
Unknown command.
Casting: Scorch (safe; 1% risk of failure)
Confirm with . or Enter, or press ? or * to list all spells.
Flames lash the yak.
The yak is burned terribly!
The yak is almost dead.
The yak gores you!
* * * LOW HITPOINT WARNING * * *
The yak barely misses you.
Casting: Scorch (safe; 1% risk of failure)
Confirm with . or Enter, or press ? or * to list all spells.
Flames lash the yak.
The yak is burned terribly!
The yak is almost dead.
The yak gores you!
You die...
Your body crumbles into a pile of gold.

........ ..# .##### #.#
.##### #.# .....# #.# ....
.....######.# $ ....######
.....'...##.# .........
.....###.##<#######+##......#
###### #.............+......#
#####....@.####......# ##
######Y$.##......###..
#.......#......##...
#.......######.##...
#.........####..+...
#......##..$..>.#...
#......#########.... #......#
#.... #......# #..l.


You could see a yak (combustible).

Vanquished Creatures
  A yak (D:7)
  A black bear (D:4)
  An ogre (D:4)
  6 scorpions
  An electric eel (D:6)
  3 hounds
  A jelly (D:4)
  An orc priest (D:5)
  3 sleepcaps
  5 iguanas
  An orc wizard (D:3)
  2 gnolls
  7 adders
  2 white imps
  A worm (D:4)
  2 dart slugs
  7 orcs
  7 ball pythons
  7 endoplasms
  4 giant cockroaches
  3 goblins
  7 hobgoblins
  2 jackals (D:1)
  4 kobolds
  6 bats
  4 frilled lizards
  6 rats
95 creatures vanquished.

Vanquished Creatures (others)
  184 foxfires
184 creatures vanquished.

Grand Total: 279 creatures vanquished

Notes
Turn   | Place    | Note
-------+----------+-------------------------------------------
     0 | D:1      | Decritt the Deep Elf Fire Elementalist began the quest for
                  | the Orb.
     0 | D:1      | Reached XP level 1. HP: 10/10 MP: 6/6
   218 | D:1      | Reached XP level 2. HP: 16/16 MP: 6/8
   912 | D:1      | Found a faded altar of an unknown god.
  1351 | D:2      | Learned a level 2 spell: Scorch
  1519 | D:2      | Reached skill level 1 in Fighting
  1563 | D:2      | Reached skill level 1 in Hexes
  1613 | D:2      | Reached XP level 3. HP: 20/20 MP: 9/9
  2136 | D:3      | Found a blossoming altar of Fedhas.
  2361 | D:3      | Reached skill level 4 in Fire Magic
  2361 | D:3      | Reached XP level 4. HP: 11/25 MP: 5/11
  2808 | D:3      | Learned a level 3 spell: Inner Flame
  3002 | D:4      | Reached XP level 5. HP: 30/30 MP: 12/12
  3125 | D:4      | Noticed an ogre
  3132 | D:4      | Killed an ogre
  3437 | D:4      | Reached XP level 6. HP: 36/36 MP: 14/14
  3631 | D:4      | Reached skill level 5 in Fire Magic
  3725 | D:4      | Found a sacrificial altar of Ru.
  4012 | D:5      | Entered Level 5 of the Dungeon
  4144 | D:5      | Reached XP level 7. HP: 31/41 MP: 12/16
  4272 | D:5      | Reached skill level 5 in Spellcasting
  4628 | D:5      | Found a staircase to the Ecumenical Temple.
  4637 | Temple   | Entered the Ecumenical Temple
  4730 | Temple   | Became a worshipper of Gozag Ym Sagoz the Greedy
  4862 | D:5      | Reached skill level 6 in Fire Magic
  6466 | D:6      | You fall into a shaft and drop 2 floors!
  6754 | D:6      | Learned a level 3 spell: Volatile Blastmotes
  6870 | D:6      | Reached XP level 8. HP: 48/48 MP: 18/18
  7142 | D:6      | Reached skill level 5 in Dodging
  7713 | D:7      | Reached skill level 1 in Translocations
  7732 | D:7      | Slain by a yak

Illustrated notes

Levels and vault maps discovered:
D:1:      minmay_arrival_jagged, layout_loops_corners,
          shapermc_ecumenical_altar_ellora
D:2:      layout_loops_cross, hangedman_decor_push
D:3:      layout_basic, mainiacjoe_overflow_small_starburst
D:4:      layout_loops_corners, nicolae_ru_path_of_blood
D:5:      layout_cave_pools, minmay_temple_entry_antechambers
D:6:      layout_cave_pools, serial_bayou, serial_bayou_shore_b,
          serial_bayou_shore_b, serial_bayou_lagoon_a, serial_bayou_pond_e,
          chequers_serial_rivers_micro_a
D:7:      layout_basic
D:8:      layout_basic, minmay_manual_moon
Temple:   compressed_dpeg_triangle_lava_temple

Skill      XL: |  1  2  3  4  5  6  7  8 |
---------------+-------------------------+-----
Fighting       | 1 2 3 4 |  4.2
Hexes          | 1 2 3 |  3.0
Dodging        | 3 4 5 |  5.2
Fire Magic     | 4 5 6 |  6.7
Spellcasting   | 4 5 |  5.8
Conjurations   | 2 |  2.1
Translocations | 1 |  1.2
Stealth        | |  2.4

Action                     |  1- 3 |  4- 6 |  7- 9 || total
---------------------------+-------+-------+-------++-------
  Melee: Short sword       |     1 |       |     5 ||     6
  Throw: Dart              |     1 |       |       ||     1
   Cast: Foxfire           |    50 |    35 |    30 ||   115
         Scorch            |    14 |    22 |    35 ||    71
         Inner Flame       |       |       |     6 ||     6
         Volatile Blastmot |       |       |     6 ||     6
    Use: Scroll            |       |     7 |     3 ||    10
         Potion            |       |       |     3 ||     3
 Armour: Robe              |     7 |       |       ||     7
         Leather armour    |       |     5 |    17 ||    22
  Dodge: Dodged            |    12 |    17 |    52 ||    81

Table legend: (Time is in decaauts)
 A = Elapsed time spent in this place.
 B = Non-inter-level travel time spent in this place.
 C = Inter-level travel time spent in this place.
 D = Time resting spent in this place.
 E = Time spent auto-exploring this place.
 F = Levels seen in this place.
 G = Mean time per level.
                   A        B        C        D        E       F      G
               +--------+--------+--------+--------+--------+-----+--------+
         Total |   7721 |   7459 |    262 |   1820 |   4453 |   9 |  857.9 |
       Dungeon |   7623 |   7434 |    189 |   1820 |   4453 |   8 |  952.9 |
        Temple |     98 |     25 |     73 |      0 |      0 |   1 |   98.0 |
               +--------+--------+--------+--------+--------+-----+--------+

Top non-repeatable levels by time:
     D:4: 2243 daAuts
     D:1: 1190 daAuts
     D:5: 1103 daAuts
     D:3: 1014 daAuts
     D:6: 933 daAuts
     D:2: 879 daAuts
     D:7: 176 daAuts
  Temple: 98 daAuts
     D:8: 81 daAuts
